cohdb
Replays
Latest Replays
All Replays
Popular Replays
Top Player Replays
Match Explorer
How It Works
Community
CoH3 Stats
Reddit
Sign in to upload your games and track your stats! →
Sign in with Steam
Match 45287958
Unlisted
Match 45287958
Overview
Messages
Build Orders
End
Engineer Squad
Construct Barracks
Selects Armored Battlegroup
Selects Veteran Crews
1⁄4-ton 4x4 Truck
Riflemen Squad
Riflemen Squad
Construct Weapon Support Center
Bazooka Squad
M1919 Machine Gun Team
CommieRed
Thank You Chef
Kray-Tos
sos6284
A Cute Brownie
gr8vibezZ
0
0
Comments
sign in to comment!
No comments posted yet!